 Dungeon Crawl Stone Soup version 0.24-a0-201-gf205589 (console) character file.

Game seed: 2295115066765555584

25361 Voker57 the Carver (level 12, -8/100 HPs)
             Began as a Demonspawn Gladiator on Mar 22, 2019.
             Was a High Priest of Uskayaw.
             Mangled by a komodo dragon (15 damage)
             ... on level 6 of the Lair of Beasts.
             The game lasted 00:28:57 (14365 turns).

Voker57 the Carver (Demonspawn Gladiator)          Turns: 14365, Time: 00:28:57

Health: -8/100     AC: 16    Str: 15    XL:     12   Next: 88%
Magic:  16/16      EV: 21    Int: 10    God:    Uskayaw [*****.]
Gold:   1033       SH:  0    Dex: 19    Spells: 11/11 levels left

rFire    + . .     SeeInvis +   a - +5 scimitar (flame)
rCold    . . .     Gourm    .   (no shield)
rNeg     . . .     Faith    .   P - +0 acid dragon scales
rPois    .         Spirit   .   p - +1 helmet {SInv}
rElec    .         Reflect  .   (no cloak)
rCorr    +         Harm     .   (no gloves)
MR       .....                  (no boots)
Stlth    ++........             v - amulet of the acrobat
HPRegen  0.26/turn              g - ring of resist corrosion
MPRegen  0.15/turn              B - ring of Robustness {AC+8}

@: very slightly contaminated
A: talons 2, fire resistance 1, spiny 1, flame cloud immunity, sturdy frame 3
a: Stomp, Line Pass, Grand Finale, Renounce Religion


You were on level 6 of the Lair of Beasts.
You worshipped Uskayaw.
Uskayaw was noncommittal.
You were very hungry.

You visited 2 branches of the dungeon, and saw 16 of its levels.

You collected 1033 gold pieces.

Inventory:

Hand Weapons
 a - a +5 scimitar of flaming (weapon)
 b - a +1 mace of draining
 i - a +1 halberd of venom
 m - a -1 dagger
 J - a +1 long sword
 K - a +3 great sword
Missiles
 y - 13 javelins of penetration
 Q - a throwing net (quivered)
Armour
 c - a +0 helmet
 p - a +1 helmet of see invisible (worn)
 P - +0 acid dragon scales (worn)
 R - the +5 scale mail of the Hot Ocelot {-Cast rPois rN+++ Int-4}
   (You found it on level 1 of the Lair of Beasts)

   It affects your intelligence (-4).
   It protects you from poison.
   It renders you almost immune to negative energy.
   It prevents spellcasting.
 S - a +0 helmet
 T - a +1 leather armour
Jewellery
 g - a ring of resist corrosion (left hand)
 j - an uncursed ring of stealth
 n - an uncursed ring of stealth
 v - an amulet of the acrobat (around neck)
 B - the ring of Robustness (right hand) {AC+8}
   (You found it on level 6 of the Dungeon)

   [ring of protection]

   It affects your AC (+8).
 G - an uncursed ring of wizardry
 O - an uncursed ring of protection from magic
 Y - an uncursed ring of ice
Wands
 o - a wand of acid (8)
 s - a wand of flame (7)
 z - a wand of polymorph (13)
 L - a wand of scattershot (5)
 M - a wand of disintegration (15)
 U - a wand of iceblast (6)
Scrolls
 d - a scroll of enchant weapon
 e - 9 scrolls of enchant armour
 f - a scroll of fear
 q - 5 scrolls of identify
 w - a scroll of magic mapping
 x - 4 scrolls of teleportation
 C - 2 scrolls of blinking
 H - 5 scrolls of remove curse
 V - a scroll of amnesia
 W - a scroll of fog
 Z - a scroll of vulnerability {unknown}
Potions
 h - 2 potions of flight
 k - 5 potions of brilliance
 l - 2 potions of haste
 r - 2 potions of heal wounds {unknown}
 u - 4 potions of magic
 A - 3 potions of curing
 D - 2 potions of degeneration {unknown}
 E - a potion of lignification {unknown}
 F - a potion of cancellation
 I - 2 potions of ambrosia {unknown}
 N - 3 potions of resistance {unknown}
 X - a potion of invisibility {unknown}
Comestibles
 t - 19 rations


   Skills:
 + Level 11.0 Fighting
 * Level 13.8 Long Blades
 - Level 1.7 Throwing
 + Level 10.3 Dodging
 + Level 5.4 Invocations


You had 11 spell levels left.
You didn't know any spells.
Your spell library contained the following spells:

 Spells                   Type           Power        Failure   Level  Hunger
 Corona                   Hex            #......      36%         1    ##.....
 Slow                     Hex            #.......     50%         2    ###....
 Inner Flame              Hex/Fire       #.......     75%         3    ####...
 Portal Projectile        Hex/Tloc       #.....       75%         3    ####...
 Cause Fear               Hex            #.........   98%         4    #####..
 Leda's Liquefaction      Hex/Erth       #.........   98%         4    #####..


Dungeon Overview and Level Annotations

Branches:
Dungeon (11/15)            Temple (0/1) D:4            Lair (4/6) D:10
  Swamp (0/4) Lair:3       Spider (0/4) Lair:2          Orc (0/2) D:10

Altars:
Ashenzari
Elyvilon
Gozag
Ru
Trog
Uskayaw
Xom
Zin
Beogh

Annotations:
D:4 2 transporters


Innate Abilities, Weirdness & Mutations

You have razor-sharp toenails.
Your flesh is heat resistant. (rF+)
You are partially covered in sharp spines.
You are immune to clouds of flame.
Your movements are significantly less encumbered by armour. (ER -6)


Message History

Aiming: Iceblast
Press: ? - help, Shift-Dir - straight line, f/p - plant
Aim: a plant The mass of ice explodes!
The iceblast engulfs the plant.
The plant is lightly damaged.
The iceblast engulfs the polar bear!
The polar bear partially resists.
You kill the polar bear!
You hear an angry hiss. x2
A spiny frog comes into view. x2
The spiny frog moves out of view.
The spiny frog gives a loud, deep croak!
Uskayaw links your audience in an emotional bond!
As you read the scroll of fear, it crumbles to dust.
You assume a fearsome visage.
The spiny frog looks frightened!
The komodo dragon resists with almost no effort.
The spiny frog looks frightened!
The plant is no longer covered in acid.
The komodo dragon is struck by your spines.
Your attack snaps the spiny frog out of its fear.
The komodo dragon bites you!
You die...

#≈≈≈≈≈≈≈≈...#.. ......P
###≈≈≈≈≈.≈..)#..........
#≈≈≈≈≈..................
≈≈≈...†.≈≈.P........l...
.≈.≈.P††....≈...P.....
....≈≈.......P..#./#
....<≈P†.##......###
......#.†#...F..#..##
#.......P.#.....FPP.#
.......P...P....P...#
.......P#....P..@l.P#
....h..###...P##.####
....... #P...#### ......
#P...P# ...... ###...#
.... #....# .... #...##
#####


You could see a komodo dragon and 2 spiny frogs.

Vanquished Creatures
  2 hydras
  Fannar (Lair:3)
  A two-headed ogre (D:10)
  Urug (D:11)
  A deep elf mage (D:11)
  A cyclops (D:11)
  An oklob plant (Lair:1)
  A manticore (D:11)
  A centaur zombie (D:11)
  A black mamba (Lair:3)
  12 spiny frogs
  A rime drake (Lair:3)
  2 komodo dragons
  3 hornets
  Grinder (D:4)
  2 polar bears (Lair:6)
  13 blink frogs
  5 hippogriffs
  A wyvern (D:11)
  7 yaks
  A basilisk (D:10)
  7 vampire mosquitoes
  3 acid dragons (D:11)
  7 water moccasins
  10 porcupines
  A hornet zombie (D:10)
  4 orc warriors
  5 ice beasts
  5 phantoms
  4 sky beasts
  8 ogres
  3 centaurs
  9 crocodiles
  3 big kobolds (D:11)
  17 bullfrogs
  A gnoll sergeant (D:6)
  4 scorpions
  4 killer bees
  10 wights
  8 crimson imps
  2 bullfrog zombies
  6 hounds
  3 bullfrog skeletons
  4 jellies
  4 orc priests
  7 orc wizards
  A centaur skeleton (D:8)
  4 iguanas
  5 worker ants
  A hound zombie (D:9)
  2 hound skeletons (D:10)
  Robin (D:3)
  2 worker ant zombies
  4 gnolls (D:6)
  7 adders
  2 shadow imps
  A white imp (D:6)
  An ooze (D:2)
  An adder zombie (D:5)
  A worm (D:5)
  2 dart slugs
  6 leopard geckos
  66 orcs
  A ball python (D:1)
  6 giant cockroaches
  17 goblins
  21 hobgoblins
  4 jackals (D:1)
  6 quokkas
  5 bats
  4 frilled lizards
  7 kobolds
  A leopard gecko zombie (D:8)
  A quokka zombie (D:5)
  10 rats
  A bush (Lair:1)
389 creatures vanquished.

Vanquished Creatures (others)
  A bush (D:10)
  2 fungi (D:10)
  36 plants
39 creatures vanquished.

Grand Total: 428 creatures vanquished

Notes
Turn   | Place    | Note
-------+----------+-------------------------------------------
     0 | D:1      | Voker57 the Demonspawn Gladiator began the quest for the
                  | Orb.
     0 | D:1      | Reached XP level 1. HP: 16/16 MP: 1/1
   255 | D:1      | Reached skill level 3 in Long Blades
   255 | D:1      | Gained mutation: Your movements are slightly less
                  | encumbered by armour. (ER -2) [demonic ancestry]
   255 | D:1      | Reached XP level 2. HP: 22/22 MP: 2/2
   952 | D:2      | Gained mutation: You are partially covered in sharp spines.
                  | [demonic ancestry]
   952 | D:2      | Reached XP level 3. HP: 28/28 MP: 3/3
  1377 | D:2      | Found a bloodstained altar of Trog.
  1517 | D:2      | Gained mutation: Your movements are less encumbered by
                  | armour. (ER -4) [demonic ancestry]
  1517 | D:2      | Reached XP level 4. HP: 32/34 MP: 4/4
  1559 | D:2      | Found an opulent altar of Gozag.
  2040 | D:3      | Noticed Robin
  2251 | D:3      | Killed Robin
  2251 | D:3      | Reached skill level 4 in Long Blades
  2627 | D:3      | Reached XP level 5. HP: 41/41 MP: 5/5
  2748 | D:4      | Found a staircase to the Ecumenical Temple.
  2748 | D:4      | Noticed a phantom
  2749 | D:4      | Noticed a phantom
  2787 | D:3      | Killed a phantom
  2927 | D:3      | Killed a phantom
  2927 | D:3      | Reached skill level 5 in Long Blades
  2927 | D:3      | Gained mutation: Your flesh is heat resistant. (rF+)
                  | [demonic ancestry]
  2927 | D:3      | Reached XP level 6. HP: 11/48 MP: 6/6
  3165 | D:4      | Found a transporter.
  3170 | D:4      | Found a transporter.
  3323 | D:4      | Found a shattered altar of Ashenzari.
  3341 | D:4      | Noticed Grinder
  3359 | D:4      | Paralysed by Grinder for 4 turns
  3366 | D:4      | Killed Grinder
  3366 | D:4      | Gained mutation: You have sharp toenails. [demonic
                  | ancestry]
  3366 | D:4      | Reached XP level 7. HP: 25/54 MP: 7/7
  3994 | D:5      | Entered Level 5 of the Dungeon
  4038 | D:5      | Reached skill level 6 in Long Blades
  4725 | D:6      | Found the ring of Robustness {AC+8}
  4732 | D:6      | Reached skill level 5 in Fighting
  4732 | D:6      | Reached XP level 8. HP: 57/62 MP: 8/8
  4741 | D:6      | Reached skill level 5 in Dodging
  4922 | D:6      | Reached skill level 7 in Long Blades
  5554 | D:6      | Reached skill level 8 in Long Blades
  6186 | D:7      | Reached XP level 9. HP: 69/69 MP: 9/9
  6250 | D:7      | You fall through a shaft!
  6318 | D:8      | Found a white marble altar of Elyvilon.
  6466 | D:8      | Reached skill level 9 in Long Blades
  6955 | D:8      | Paralysed by a hornet for 1 turns
  6959 | D:8      | Gained mutation: You have razor-sharp toenails. [demonic
                  | ancestry]
  6959 | D:8      | Reached XP level 10. HP: 39/79 MP: 10/10
  7420 | D:9      | Found a glowing silver altar of Zin.
  7504 | D:9      | Found a shimmering altar of Xom.
  7505 | D:9      | Found a shimmering altar of Xom.
  7505 | D:9      | Found a shimmering altar of Xom.
  7506 | D:9      | Found a shimmering altar of Xom.
  7506 | D:9      | Found a shimmering altar of Xom.
  7534 | D:9      | Found a hide-covered altar of Uskayaw.
  7551 | D:9      | Reached skill level 10 in Long Blades
  7745 | D:9      | Found a shimmering altar of Xom.
  8006 | D:9      | Found a sacrificial altar of Ru.
  8168 | D:9      | Noticed a manticore
  8182 | D:9      | Became a worshipper of Uskayaw the Reveler
  8194 | D:10     | Entered Level 10 of the Dungeon
  8218 | D:10     | Reached * piety under Uskayaw
  8239 | D:10     | Reached ** piety under Uskayaw
  8407 | D:10     | Reached *** piety under Uskayaw
  8418 | D:10     | Found a staircase to the Lair.
  8809 | D:10     | Noticed a two-headed ogre
  8850 | D:10     | Reached **** piety under Uskayaw
  8863 | D:10     | Killed a two-headed ogre
  8863 | D:10     | Reached skill level 11 in Long Blades
  9440 | D:10     | Reached ***** piety under Uskayaw
  9839 | D:10     | Found a staircase to the Orcish Mines.
  9902 | D:10     | Found a roughly hewn altar of Beogh.
  9913 | D:10     | Gained mutation: Your movements are significantly less
                  | encumbered by armour. (ER -6) [demonic ancestry]
  9913 | D:10     | Reached XP level 11. HP: 79/87 MP: 8/11
 10284 | D:11     | Noticed Urug
 10295 | D:11     | Killed Urug
 10532 | D:11     | Noticed a deep elf mage
 10542 | D:11     | Killed a deep elf mage
 10554 | D:11     | Reached ****** piety under Uskayaw
 10585 | D:11     | Reached skill level 12 in Long Blades
 11192 | Lair:1   | Entered Level 1 of the Lair of Beasts
 11379 | Lair:1   | Got an ancient scale mail
 11380 | Lair:1   | Identified the +5 scale mail of the Hot Ocelot {-Cast rPois
                  | rN+++ Int-4} (You found it on level 1 of the Lair of
                  | Beasts)
 11475 | Lair:1   | Noticed a seven-headed hydra
 11875 | Lair:1   | Killed an eight-headed hydra
 11875 | Lair:1   | Reached skill level 10 in Fighting
 11940 | Lair:1   | Noticed an oklob plant
 12207 | Lair:1   | Killed an oklob plant
 12351 | Lair:1   | Identified a scroll of acquirement
 12357 | Lair:1   | Gained mutation: You are immune to clouds of flame.
                  | [demonic ancestry]
 12357 | Lair:1   | Reached XP level 12. HP: 97/97 MP: 12/12
 12385 | Lair:1   | Reached skill level 1 in Invocations
 12710 | Lair:2   | Found a hole to the Spider Nest.
 12748 | Lair:2   | Reached skill level 13 in Long Blades
 12798 | Lair:2   | Noticed a five-headed hydra
 12805 | Lair:2   | Killed a one-headed hydra
 13312 | Lair:3   | Noticed Fannar
 13324 | Lair:3   | Killed Fannar
 13600 | Lair:3   | Found a staircase to the Swamp.
 13710 | Lair:3   | Reached skill level 10 in Dodging
 14254 | Lair:4   | You fall through a shaft for 2 floors!
 14254 | Lair:6   | Entered Level 6 of the Lair of Beasts
 14305 | Lair:6   | Reached skill level 5 in Invocations
 14348 | Lair:6   | HP: 5/100 [polar bear (12)]
 14365 | Lair:6   | Mangled by a komodo dragon

Levels and vault maps discovered:
D:1:      dpeg_arrival_refuge, layout_basic, chequers_serial_rivers_micro_d
D:2:      cheibrodos_greedy_goblins, layout_loops_corners, bloody_trog,
          nicolae_gozag_cash_rules_everything_around_me
D:3:      layout_basic, minmay_box_of_dots, uniq_robin
D:4:      gammafunk_wand_slinger, layout_basic, kennysheep_mini,
          temple_fountains, uniq_grinder
D:5:      layout_basic, first_ration, kennysheep_boxes
D:6:      lemuel_upstairs_altar, layout_cave_pods, minmay_fire_ice_demons
D:7:      layout_rooms, minmay_quadrilaterals
D:8:      layout_loops_ring, elyvilon_altar_3, hangedman_pestilent_swarm
D:9:      layout_basic, old_standard_altar, nicolae_overflow_crystal_walls,
          xom_shifter_show, lemuel_coloured_pillars_altar,
          minmay_misc_feat_pillars, minmay_misc_feat_doors
D:10:     layout_layer_cave, minmay_lair_entry_grove, hiddenorc1_lemuel,
          special_room [special_room_orc]
D:11:     cheibrodos_ideogram_h, layout_rooms, uniq_urug
Lair:1:   layout_loops_ring, minmay_lair_oklob_bushes
Lair:2:   layout_misc_corridors, spider_nest_entry_web_field,
          chequers_serial_rivers_small_b, infiniplex_staircase_pool_2
Lair:3:   layout_regular_city, swamp_mist_pool, uniq_fannar
Lair:4:   layout_cave_pods, grunt_megastairs_1, lemuel_fruit_tree
Lair:6:   minmay_lair_end_frog_pond, layout_hall_layers,
          grunt_forest_small_clearings

Skill      XL: |  1  2  3  4  5  6  7  8  9 10 11 12 |
---------------+-------------------------------------+-----
Long Blades    | 3 4 5 6 8 9 11 12 13 | 13.8
Dodging        | 3 4 5 7 8 9 10 | 10.3
Fighting       | 3 4 5 6 7 8 10 11 | 11.0
Invocations    | 5 |  5.4
Throwing       | |  1.7

Action                   |  1- 3 |  4- 6 |  7- 9 | 10-12 || total
-------------------------+-------+-------+-------+-------++-------
Melee: Long sword        |    84 |   111 |   274 |   205 ||   674
       Dagger            |    15 |    14 |       |       ||    29
       Kick              |       |       |   112 |   185 ||   297
       Great sword       |       |       |       |   138 ||   138
       Mace              |       |       |       |     2 ||     2
       Scimitar          |       |       |       |   143 ||   143
Throw: Throwing net      |       |     4 |       |     3 ||     7
Invok: Stomp             |       |       |       |    10 ||    10
       Line Pass         |       |       |       |     4 ||     4
       Grand Finale      |       |       |       |     1 ||     1
Evoke: Wand              |       |       |       |    15 ||    15
  Use: Scroll            |     3 |     2 |     4 |    11 ||    20
       Potion            |       |       |     3 |     4 ||     7
 Stab: Sleeping          |       |     4 |     3 |     1 ||     8
       Paralysed         |       |       |       |    33 ||    33
  Eat: Chunk             |     2 |     3 |    11 |    20 ||    36
       Ration            |       |     1 |       |     2 ||     3
Armor: Leather armour    |    30 |    36 |    82 |    61 ||   209
       Scale mail        |       |       |       |    25 ||    25
       Acid dragon scale |       |       |       |    43 ||    43
Dodge: Dodged            |    76 |    80 |   291 |   470 ||   917
       Rpst.: Long sword |    13 |    24 |    78 |    46 ||   161
       Great sword       |       |       |       |    29 ||    29
       Scimitar          |       |       |       |    31 ||    31

Table legend:
 A = Non-vault XP
 B = Vault XP
 C = Vault XP percentage of total XP
 D = Non-vault monster count
 E = Vault monster count
 F = Vault count percentage of total count
                 A         B        C        D         E       F
            +---------+---------+-------+---------+---------+-------
      Total |   23400 |   12830 |  35.4 |     259 |     129 |  33.2
            +---------+---------+-------+---------+---------+-------
        D:1 |      33 |       0 |   0.0 |      20 |       0 |   0.0
        D:2 |      66 |      18 |  21.4 |      22 |      10 |  31.2
        D:3 |     283 |      45 |  13.7 |      19 |      16 |  45.7
        D:4 |     143 |     290 |  67.0 |       9 |       1 |  10.0
        D:5 |     518 |       0 |   0.0 |      19 |       0 |   0.0
        D:6 |    1252 |      59 |   4.5 |      32 |       2 |   5.9
        D:7 |      99 |     235 |  70.4 |       3 |       3 |  50.0
        D:8 |    1985 |     623 |  23.9 |      30 |       4 |  11.8
        D:9 |     633 |       0 |   0.0 |       9 |       0 |   0.0
       D:10 |    2605 |    2587 |  49.8 |      21 |      55 |  72.4
       D:11 |    1827 |    4408 |  70.7 |      21 |      25 |  54.3
     Lair:1 |    5463 |     535 |   8.9 |      20 |       1 |   4.8
     Lair:2 |    3249 |       0 |   0.0 |      12 |       0 |   0.0
     Lair:3 |    3284 |     861 |  20.8 |      14 |       1 |   6.7
     Lair:6 |    1960 |    3169 |  61.8 |       8 |      11 |  57.9
            +---------+---------+-------+---------+---------+-------
